[Event "Titled Tuesday Blitz August 22 Late 2023"]
[White "Sivakumar, Shaashwath"]
[Black "Magallanes, Rey Jomar"]
[WhiteFideId "30912156"]
[BlackFideId "5205948"]
[WhiteElo "2476"]
[BlackElo "2253"]
[Result "1-0"]
[Round "2"]
[TimeControl "180+1"]
[Date "2023.08.22"]
[WhiteClock "0:00:07"]
[BlackClock "0:00:47"]
[Board "186"]

1. d4 d5 2. c4 e5 3. dxe5 d4 4. Nf3 Nc6 5. a3 Bg4 6. Nbd2 Nge7 7. b4 a6 8. Bb2 Ng6 9. Qa4 Be7 10. Nxd4 Nxe5 11. Nxc6 Nxc6 12. O-O-O Bg5 13. h3 Bh5 14. g4 Bg6 15. h4 Bxh4 16. Nf3 Bg5+ 17. e3 Qe7 18. Nxg5 Qxg5 19. Bd3 O-O 20. Bxg6 Qxg6 21. Qc2 Qxc2+ 22. Kxc2 Rad8 23. g5 Rfe8 24. Rdg1 Rd6 25. Rh4 Red8 26. Rgh1 Rd2+ 27. Kc1 Rxf2 28. Rxh7 Kf8 29. Bxg7+ Ke8 30. Rh8+ Kd7 31. Rd1+ Kc8 32. Rdxd8+ Nxd8 33. Bf6 Rxf6 34. gxf6 Kd7 35. Kd2 Nc6 36. Kd3 Ke6 37. Rc8 Kxf6 38. Rxc7 Ne5+ 39. Kc3 b6 40. Rb7 b5 41. c5 Ke6 42. Rb6+ Kd5 43. Rxa6 Nc6 44. e4+ Kxe4 45. Rxc6 f5 46. Rf6 f4 47. Rf8 f3 48. c6 f2 49. c7 f1=Q 50. Rxf1 Ke3 51. c8=Q Ke2 52. Qf5 Ke3 53. Qf4+ Ke2 54. Qf3# 1-0


[Site "https://www.chess.com"]

[Event "Titled Tuesday Blitz August 22 Late 2023"]
[White "Sarkar, Justin"]
[Black "KrokerGuy"]
[WhiteFideId "2010011"]
[WhiteElo "2251"]
[BlackElo "2476"]
[Result "1-0"]
[Round "2"]
[TimeControl "180+1"]
[Date "2023.08.22"]
[WhiteClock "0:00:31"]
[BlackClock "0:00:09"]
[Board "187"]

1. d4 d5 2. c4 e6 3. Nc3 Nf6 4. Bg5 h6 5. Bxf6 Qxf6 6. cxd5 exd5 7. Nxd5 Qd6 8. e4 Nc6 9. Bc4 Be6 10. Ne2 O-O-O 11. Qa4 f5 12. e5 Qd7 13. Nef4 Bxd5 14. Bxd5 Nxd4 15. Qxd4 Kb8 16. Ng6 Qxd5 17. Qxd5 Bb4+ 1-0


[Site "https://www.chess.com"]

[Event "Titled Tuesday Blitz August 22 Late 2023"]
[White "Chernikov, Vladimir"]
[Black "Kohler, Aran"]
[WhiteFideId "14112914"]
[BlackFideId "1002856"]
[WhiteElo "2476"]
[BlackElo "2251"]
[Result "1-0"]
[Round "2"]
[TimeControl "180+1"]
[Date "2023.08.22"]
[WhiteClock "0:01:51"]
[BlackClock "0:01:15"]
[Board "188"]

1. d4 d5 2. Nf3 c6 3. Bf4 Nf6 4. e3 Bf5 5. Nbd2 h6 6. c4 e6 7. Qb3 Qb6 8. c5 Qxb3 9. axb3 Nbd7 10. b4 a6 11. b5 cxb5 12. Bxb5 Rc8 13. c6 bxc6 14. Bxa6 Ra8 15. O-O Be7 16. Bb7 Rxa1 17. Rxa1 O-O 18. Bxc6 Nb6 19. Ne5 Ne4 20. Nxe4 Bxe4 21. f3 Bh7 22. Ra6 Nc4 23. Nxc4 dxc4 24. Bb5 Rc8 25. Bd7 Rd8 26. Bb5 Rc8 27. Bxc4 g5 28. Be5 Rxc4 29. Ra8+ Bf8 30. Bd6 Rc1+ 31. Kf2 Rc2+ 32. Kg3 Rxb2 33. Bxf8 f6 34. Ba3+ 1-0


[Site "https://www.chess.com"]

[Event "Titled Tuesday Blitz August 22 Late 2023"]
[White "Flom, Gabriel"]
[Black "Matthew_Clarke"]
[WhiteFideId "621650"]
[WhiteElo "2474"]
[BlackElo "2248"]
[Result "1-0"]
[Round "2"]
[TimeControl "180+1"]
[Date "2023.08.22"]
[WhiteClock "0:00:35"]
[BlackClock "0:00:00"]
[Board "189"]

1. f4 Nf6 2. Nf3 c5 3. g3 b6 4. Bg2 Bb7 5. O-O g6 6. d3 d5 7. c3 Bg7 8. Nbd2 O-O 9. h3 Nbd7 10. Re1 Re8 11. e4 dxe4 12. Nxe4 Nxe4 13. dxe4 e5 14. f5 gxf5 15. exf5 e4 16. Ng5 Nf6 17. h4 h6 18. Nh3 Qxd1 19. Rxd1 Ba6 20. Re1 Re7 21. Nf2 Rae8 22. Be3 1-0


[Site "https://www.chess.com"]

[Event "Titled Tuesday Blitz August 22 Late 2023"]
[White "Fajdetic, Hrvoje"]
[Black "The_Straightforward_Rook"]
[WhiteFideId "14501945"]
[WhiteElo "2247"]
[BlackElo "2474"]
[Result "1/2-1/2"]
[Round "2"]
[TimeControl "180+1"]
[Date "2023.08.22"]
[WhiteClock "0:00:04"]
[BlackClock "0:00:08"]
[Board "190"]

1. f4 d5 2. b3 Nf6 3. Bb2 g6 4. Nf3 Bg7 5. e3 O-O 6. Be2 b6 7. O-O Bb7 8. a4 a5 9. Qe1 Nc6 10. Qh4 Re8 11. Ne5 Nd7 12. Nxc6 Bxc6 13. Bxg7 Kxg7 14. d4 e6 15. Qh3 f5 16. g4 Nf6 17. Nd2 Ne4 18. Nxe4 dxe4 19. c4 Qe7 20. Kf2 Rh8 21. Rg1 Kf7 22. d5 Bb7 23. dxe6+ Qxe6 24. gxf5 Qxf5 25. Bg4 Qf6 26. Rad1 Bc6 27. Rd4 Rad8 28. Rgd1 h5 29. Be6+ Ke7 30. Bd5 Bxd5 31. cxd5 Qf5 32. Qg2 Rd6 33. Rxe4+ Kd8 34. Rd2 Rf8 35. Ke2 Kc8 36. Rc4 Kb8 37. Qe4 Qg4+ 38. Kd3 Rfd8 39. Kc3 Qd7 40. Rcd4 Re8 41. Qf3 Qe7 42. e4 Rf6 43. Qe3 Qc5+ 44. Kb2 Ref8 45. e5 Rxf4 46. Qxf4 Rxf4 47. Rxf4 Qe3 48. Rfd4 Qxe5 49. Ka2 g5 50. d6 cxd6 51. Rxd6 Kc7 52. R6d5 Qe3 53. Rd7+ Kc6 54. R2d6+ Kc5 55. Rd5+ Kc6 56. R5d6+ Kc5 57. Rd5+ Kb4 58. Rb5+ Kc3 59. Rc7+ Kd2 60. Rd5+ Ke2 61. Rc2+ Kf3 62. Rcd2 Qe6 63. R5d3+ Kg4 64. Rd4+ Kh3 65. R4d3+ Kh4 66. Rd6 Qe3 67. R6d3 Qc5 68. Rd5 Qg1 69. R5d3 g4 70. Rd5 Qe3 71. R5d3 Qc5 72. Rd5 Qe3 73. R5d3 Qg1 74. Rd5 Qe3 1/2-1/2


[Site "https://www.chess.com"]

[Event "Titled Tuesday Blitz August 22 Late 2023"]
[White "Seletsky, Grigory"]
[Black "Palacio,Igor Da Paz"]
[WhiteFideId "14112191"]
[BlackFideId "2121140"]
[WhiteElo "2472"]
[BlackElo "2234"]
[Result "1-0"]
[Round "2"]
[TimeControl "180+1"]
[Date "2023.08.22"]
[WhiteClock "0:02:27"]
[BlackClock "0:01:44"]
[Board "191"]

1. b3 b6 2. Bb2 Bb7 3. Nf3 Nf6 4. e3 g6 5. Bxf6 exf6 6. d4 Bg7 7. g3 f5 8. Bg2 O-O 9. O-O Re8 10. c3 d6 11. Nbd2 Nd7 12. b4 a5 13. b5 Nf6 14. a4 Ne4 15. Rc1 Nxd2 16. Nxd2 Bxg2 17. Kxg2 Qd7 18. c4 h6 19. Qf3 Re7 20. Qxa8+ 1-0


[Site "https://www.chess.com"]

[Event "Titled Tuesday Blitz August 22 Late 2023"]
[White "BeautiFullMindChess"]
[Black "Shubenkova, Veronika"]
[BlackFideId "44124040"]
[WhiteElo "2231"]
[BlackElo "2470"]
[Result "0-1"]
[Round "2"]
[TimeControl "180+1"]
[Date "2023.08.22"]
[WhiteClock "0:01:57"]
[BlackClock "0:02:55"]
[Board "192"]

1. f4 b6 2. Nf3 Bb7 3. b3 Nf6 4. Bb2 g6 5. d3 d5 6. Nbd2 Bg7 7. e4 dxe4 8. dxe4 O-O 9. Bd3 c5 10. Qe2 Nh5 11. Bxg7 Nxf4 12. Qe3 Nxg2+ 13. Kf2 Nxe3 14. Kxe3 Kxg7 15. h4 h5 0-1


[Site "https://www.chess.com"]

[Event "Titled Tuesday Blitz August 22 Late 2023"]
[White "WindWhistler11"]
[Black "Sailer, Mike"]
[BlackFideId "2012901"]
[WhiteElo "2470"]
[BlackElo "2222"]
[Result "1-0"]
[Round "2"]
[TimeControl "180+1"]
[Date "2023.08.22"]
[WhiteClock "0:00:34"]
[BlackClock "0:00:00"]
[Board "193"]

1. Nf3 e6 2. g3 f5 3. c4 Nf6 4. Bg2 Be7 5. O-O O-O 6. Nc3 c6 7. d3 d5 8. cxd5 exd5 9. Qc2 h6 10. e4 fxe4 11. dxe4 Nxe4 12. Nxe4 dxe4 13. Qxe4 Bf5 14. Qc4+ Qd5 15. Qxd5+ cxd5 16. Nd4 Be4 17. Re1 Bxg2 18. Rxe7 Bh3 19. Rxb7 Nd7 20. Bf4 Nc5 21. Rb5 Nd3 22. Be3 Rab8 23. Rxb8 Rxb8 24. b3 Rc8 25. Rd1 Ne5 26. Rc1 Rxc1+ 27. Bxc1 Nd3 28. Be3 Kf7 29. Nb5 a6 30. Nc7 Nb4 31. a3 Nc2 32. Nxd5 Nxa3 33. Nb4 a5 34. Nc6 Ke6 35. Nxa5 Kd5 36. f3 Nc2 37. Bc1 Kd4 38. Bb2+ Ke3 39. Bxg7 h5 40. Bh6+ Kxf3 41. Bd2 Ke2 42. Nc4 Na3 43. Nxa3 Kxd2 44. Nc4+ Kc3 45. Ne5 Kb4 46. Ng6 Kxb3 47. Nf4 Bg4 48. Kf2 Kc4 49. Ke3 Kc5 50. Ng6 Kd6 51. Kf4 Ke6 52. Kg5 Bd1 53. Nf4+ Kf7 54. Nxh5 Kg8 55. Nf4 Kh7 56. h4 Kg8 57. g4 Kh7 58. h5 Kg8 59. Ng6 Kg7 60. Nh4 Kg8 61. Nf5 Kh8 62. h6 Kh7 63. Nh4 Kg8 64. Ng6 Bxg4 65. Kxg4 Kh7 66. Kh5 Kg8 67. Kg5 Kh7 68. Ne5 Kg8 69. Kg6 Kh8 70. Nf7+ Kg8 71. h7+ Kf8 72. h8=Q+ 1-0


[Site "https://www.chess.com"]

[Event "Titled Tuesday Blitz August 22 Late 2023"]
[White "Matute Escobar, Roxanny"]
[Black "Toropov, Pavel"]
[WhiteFideId "3926028"]
[BlackFideId "24129178"]
[WhiteElo "2217"]
[BlackElo "2469"]
[Result "0-1"]
[Round "2"]
[TimeControl "180+1"]
[Date "2023.08.22"]
[WhiteClock "0:00:13"]
[BlackClock "0:01:16"]
[Board "194"]

1. e4 e6 2. d4 d5 3. e5 c5 4. c3 Qb6 5. Nf3 Nc6 6. a3 Bd7 7. Be2 Rc8 8. O-O Nge7 9. dxc5 Qxc5 10. Be3 Qa5 11. b4 Qc7 12. Qd2 Ng6 13. a4 Ngxe5 14. Nxe5 Nxe5 15. Bd4 Bd6 16. g3 O-O 17. Qg5 Ng6 18. Bd3 e5 19. Be3 Be6 20. Na3 a6 21. Qh5 Qxc3 22. Qe2 Qxb4 23. Rfb1 Qg4 24. Qxg4 Bxg4 25. Kg2 e4 26. Bf1 Bf3+ 27. Kg1 Be5 28. Ra2 d4 29. Bd2 d3 30. Rc1 Rxc1 31. Bxc1 Rc8 32. Be3 Ne7 33. h4 Nd5 34. Bg2 Nc3 35. Rb2 Ne2+ 0-1


[Site "https://www.chess.com"]

[Event "Titled Tuesday Blitz August 22 Late 2023"]
[White "Mindhunter08"]
[Black "KSho99"]
[WhiteElo "2466"]
[BlackElo "2213"]
[Result "1-0"]
[Round "2"]
[TimeControl "180+1"]
[Date "2023.08.22"]
[WhiteClock "0:01:16"]
[BlackClock "0:00:23"]
[Board "195"]

1. e4 b6 2. d4 Bb7 3. Bd3 e6 4. Nf3 d6 5. Nbd2 Nd7 6. O-O Ne7 7. Re1 g6 8. h3 Bg7 9. Nf1 O-O 10. c3 c5 11. Be3 e5 12. dxe5 Nxe5 13. Nxe5 dxe5 14. Ng3 Qc7 15. Qe2 Qc6 16. Rad1 f5 17. Bb5 Qc7 18. Rd7 Qc8 19. Rxe7 f4 20. Rd1 Bf6 21. Bd7 Qb8 22. Be6+ Kh8 23. Red7 fxe3 24. Qxe3 Bc6 25. Qh6 Bxd7 26. Rxd7 1-0


[Site "https://www.chess.com"]

[Event "Titled Tuesday Blitz August 22 Late 2023"]
[White "Kiseljova, Marya"]
[Black "Moore, Nicholas"]
[WhiteFideId "4155009"]
[BlackFideId "4303709"]
[WhiteElo "2208"]
[BlackElo "2463"]
[Result "0-1"]
[Round "2"]
[TimeControl "180+1"]
[Date "2023.08.22"]
[WhiteClock "0:00:00"]
[BlackClock "0:00:22"]
[Board "196"]

1. d4 d5 2. c4 c6 3. Nf3 Nf6 4. g3 dxc4 5. Bg2 Bf5 6. Nh4 Be4 7. f3 Bg6 8. e4 Nbd7 9. O-O e5 10. Be3 exd4 11. Bxd4 Bc5 12. Kh1 O-O 13. Na3 Bxa3 14. bxa3 Qe7 15. Qc2 b5 16. a4 a6 17. Bh3 Rfe8 18. Nxg6 hxg6 19. Rad1 Rad8 20. Bb2 Nb6 21. a5 Na4 22. Ba1 Rxd1 23. Rxd1 Rd8 24. Kg2 g5 25. Kf2 g4 26. Bf1 Rxd1 27. Qxd1 gxf3 28. Qxf3 Nxe4+ 29. Kg2 c3 30. Bd3 Nac5 31. Qe2 b4 32. a3 Nxd3 33. Qxd3 c5 34. Qc4 Nd2 35. Qxa6 c2 36. Bb2 c4 37. Qc8+ Qf8 38. Qf5 b3 0-1


[Site "https://www.chess.com"]

[Event "Titled Tuesday Blitz August 22 Late 2023"]
[White "Andreassen, Lars"]
[Black "dodoucb"]
[WhiteFideId "1504878"]
[WhiteElo "2206"]
[BlackElo "2462"]
[Result "1/2-1/2"]
[Round "2"]
[TimeControl "180+1"]
[Date "2023.08.22"]
[WhiteClock "0:00:07"]
[BlackClock "0:01:00"]
[Board "197"]

1. d4 Nf6 2. Nf3 e6 3. Bg5 c5 4. e3 Be7 5. Bd3 b6 6. O-O Bb7 7. Nbd2 O-O 8. c3 d5 9. Qe2 a5 10. Ne5 Nfd7 11. Bxe7 Qxe7 12. f4 f5 13. Ndf3 Nf6 14. Rf2 Ne4 15. Bxe4 dxe4 16. Nd2 cxd4 17. cxd4 Ba6 18. Qh5 g6 19. Qh6 Rc8 20. g4 Qg7 21. Qh4 Nd7 22. gxf5 exf5 23. Rg2 Rc2 24. Kh1 Rac8 25. Rag1 Rc1 26. Nb3 Rxg1+ 27. Rxg1 a4 28. Nd2 Rc2 29. Qd8+ Nf8 30. Qd5+ Kh8 31. Nf7+ Kg8 32. Nh6+ Kh8 33. Nf7+ Kg8 34. Ng5+ Kh8 35. Nf7+ 1/2-1/2


[Site "https://www.chess.com"]

[Event "Titled Tuesday Blitz August 22 Late 2023"]
[White "Hajiyev, Kanan"]
[Black "Vanek, Tomas"]
[WhiteFideId "13404148"]
[BlackFideId "313459"]
[WhiteElo "2459"]
[BlackElo "2205"]
[Result "1-0"]
[Round "2"]
[TimeControl "180+1"]
[Date "2023.08.22"]
[WhiteClock "0:01:39"]
[BlackClock "0:00:37"]
[Board "198"]

1. d4 f5 2. Nf3 Nf6 3. g3 g6 4. Bg2 Bg7 5. O-O O-O 6. b3 c5 7. Bb2 Ne4 8. Nbd2 Nc6 9. e3 d5 10. Rb1 cxd4 11. Nxe4 dxe4 12. Nxd4 Nxd4 13. Bxd4 Bxd4 14. Qxd4 Qxd4 15. exd4 Rd8 16. Rfd1 b6 17. f3 Bb7 18. fxe4 fxe4 19. c4 e6 20. Rb2 Rd6 21. Re2 Rad8 22. Bxe4 Bxe4 23. Rxe4 Kf7 24. Kf2 e5 25. d5 Rf6+ 26. Ke3 Re8 27. Rd2 Rf1 28. Rf2+ Rxf2 29. Kxf2 Kf6 30. g4 Kg5 31. Kg3 h6 32. h4+ Kf6 33. Kf3 g5 34. h5 Rf8 35. Ke3 Re8 36. b4 Re7 37. Kd3 Re8 38. c5 b5 39. a4 Rd8 40. axb5 Rxd5+ 41. Kc4 Rd1 42. c6 Ke6 43. b6 axb6 44. Kb5 Kd5 45. Re2 Rc1 46. Rd2+ Ke6 47. Kxb6 Rc4 48. b5 Rxg4 49. Rc2 Rg2 50. Rxg2 1-0


[Site "https://www.chess.com"]

[Event "Titled Tuesday Blitz August 22 Late 2023"]
[White "Czerw, Dawid"]
[Black "Fernandez Siles, Luis"]
[WhiteFideId "1145746"]
[BlackFideId "2209420"]
[WhiteElo "2457"]
[BlackElo "2204"]
[Result "1-0"]
[Round "2"]
[TimeControl "180+1"]
[Date "2023.08.22"]
[WhiteClock "0:01:57"]
[BlackClock "0:01:26"]
[Board "199"]

1. e4 c5 2. Nf3 Nc6 3. d4 cxd4 4. Nxd4 Nf6 5. Nc3 e5 6. Ndb5 d6 7. Nd5 Nxd5 8. exd5 Nb8 9. Qf3 Be7 10. Qc3 Na6 11. Be3 O-O 12. Nxa7 Bd7 13. Bxa6 bxa6 14. Nc6 Bxc6 15. dxc6 Qc7 16. O-O-O Rfc8 17. Rd5 Qxc6 18. Qxc6 Rxc6 19. b3 f5 20. f3 Kf7 21. Rhd1 Ke6 22. c4 g5 23. Kc2 h5 24. Bc1 g4 25. f4 Bf6 26. Ba3 Rd8 27. fxe5 Bxe5 28. Re1 h4 29. Rexe5+ dxe5 30. Rxd8 f4 31. Kd3 Rc7 32. Ke4 Rf7 33. Rd6+ 1-0


[Site "https://www.chess.com"]

[Event "Titled Tuesday Blitz August 22 Late 2023"]
[White "Florianovitz, Derlei Alex"]
[Black "Liu, Casper"]
[WhiteFideId "2114178"]
[BlackFideId "1454153"]
[WhiteElo "2198"]
[BlackElo "2455"]
[Result "0-1"]
[Round "2"]
[TimeControl "180+1"]
[Date "2023.08.22"]
[WhiteClock "0:00:13"]
[BlackClock "0:00:29"]
[Board "200"]

1. e4 c5 2. Nf3 d6 3. d4 Nf6 4. Nc3 cxd4 5. Nxd4 Nc6 6. Bg5 Bd7 7. Nxc6 Bxc6 8. Bd3 Qa5 9. Bxf6 gxf6 10. Qd2 h5 11. O-O Bh6 12. Qe2 O-O-O 13. Nd5 e6 14. b4 Qa3 15. b5 Bxd5 16. exd5 e5 17. Qf3 Qb4 18. Qxf6 Rdg8 19. c3 Qa4 20. Bf5+ Kb8 21. Qxd6+ Ka8 22. b6 Rxg2+ 23. Kxg2 Qf4 24. Rfe1 Qxf5 25. Qxe5 Rg8+ 26. Kf1 Qd3+ 27. Qe2 Qh3# 0-1


[Site "https://www.chess.com"]

[Event "Titled Tuesday Blitz August 22 Late 2023"]
[White "campochess"]
[Black "Blackburn, Jonathan L B"]
[BlackFideId "1801090"]
[WhiteElo "2194"]
[BlackElo "2451"]
[Result "0-1"]
[Round "2"]
[TimeControl "180+1"]
[Date "2023.08.22"]
[WhiteClock "0:00:00"]
[BlackClock "0:00:10"]
[Board "201"]

1. d4 Nf6 2. Bg5 c5 3. d5 d6 4. Nc3 h6 5. Bxf6 exf6 6. e3 g6 7. Nge2 Bg7 8. Nf4 O-O 9. Bd3 f5 10. h4 a6 11. a4 Qa5 12. Qd2 Nd7 13. O-O Ne5 14. Rfd1 Qd8 15. Be2 Qxh4 16. Rab1 Ng4 17. Bxg4 Qxg4 18. b4 g5 19. Nfe2 cxb4 20. Na2 a5 21. f3 Qc4 22. Nac1 Bd7 23. Ng3 Be5 24. Nce2 Qh4 25. Nf1 Bxa4 26. Qd3 Bd7 27. f4 Bg7 28. g3 Qh5 29. Kf2 Qg6 30. Nd2 Rfc8 31. Nf3 Rc5 32. Qb3 Rac8 33. Ned4 Bxd4 34. Nxd4 Rc3 35. Qa2 R8c5 36. Rb3 Rxb3 37. Nxb3 Rc3 38. Qxa5 Rxc2+ 39. Rd2 Rxd2+ 40. Nxd2 Qf6 41. Qxb4 gxf4 42. exf4 b5 43. Nf3 Kg7 44. Nd4 h5 45. Kf3 h4 46. gxh4 Qxh4 47. Ne2 Qg4+ 48. Ke3 Qh3+ 49. Kd2 Qf3 50. Qc3+ Qxc3+ 51. Kxc3 Kh6 52. Kd4 Kh5 53. Ke3 Kg4 54. Nd4 Kg3 55. Nb3 b4 56. Na5 Bb5 57. Nb3 Bc4 58. Na5 Bxd5 59. Kd4 Be6 60. Nc6 b3 61. Nb4 Kxf4 62. Nd3+ Kg3 0-1


[Site "https://www.chess.com"]

[Event "Titled Tuesday Blitz August 22 Late 2023"]
[White "tomobeast"]
[Black "Szyszylo, Rafal"]
[BlackFideId "1109626"]
[WhiteElo "2188"]
[BlackElo "2449"]
[Result "1-0"]
[Round "2"]
[TimeControl "180+1"]
[Date "2023.08.22"]
[WhiteClock "0:00:11"]
[BlackClock "0:00:06"]
[Board "202"]

1. e4 d6 2. d4 Nf6 3. Nc3 g6 4. h3 Bg7 5. g4 c6 6. Nge2 b5 7. Bg2 b4 8. Na4 O-O 9. Be3 a5 10. Qd2 Qc7 11. O-O-O Ba6 12. f4 Bb5 13. b3 Bxa4 14. bxa4 Na6 15. e5 Nd5 16. h4 Nxe3 17. Qxe3 Rac8 18. h5 c5 19. d5 dxe5 20. Qh3 Rfd8 21. hxg6 hxg6 22. f5 e4 23. fxg6 Qe5 24. Qh7+ Kf8 25. gxf7 Qb2+ 26. Kd2 Rxd5+ 27. Ke3 Kxf7 28. Rxd5 Qa3+ 29. Kf2 e3+ 30. Kg3 Rf8 31. Qh5+ Ke6 32. Qg6+ Bf6 33. Nf4# 1-0


[Site "https://www.chess.com"]

[Event "Titled Tuesday Blitz August 22 Late 2023"]
[White "Nielsen, Viktor Haarmark"]
[Black "Erece, Ece Alkim"]
[WhiteFideId "1444492"]
[BlackFideId "6346006"]
[WhiteElo "2448"]
[BlackElo "2187"]
[Result "1-0"]
[Round "2"]
[TimeControl "180+1"]
[Date "2023.08.22"]
[WhiteClock "0:00:47"]
[BlackClock "0:00:00"]
[Board "203"]

1. e4 b6 2. d4 Bb7 3. Bd3 e6 4. Nc3 c5 5. d5 d6 6. Nf3 Nd7 7. Bc4 e5 8. a4 Be7 9. a5 Ngf6 10. O-O bxa5 11. Nd2 Nb6 12. Bb5+ Nfd7 13. Nb3 a6 14. Be2 a4 15. Na5 Qc8 16. Nxa4 Nxa4 17. Rxa4 Nb6 18. Ra3 f5 19. Nxb7 Qxb7 20. exf5 Qxd5 21. Qxd5 Nxd5 22. Bf3 Nb6 23. Bxa8 Nxa8 24. Rxa6 Nc7 25. Ra7 Kd7 26. Be3 Kc6 27. c4 Rf8 28. g4 Rb8 29. Rb1 Rb3 30. Kg2 e4 31. g5 d5 32. Bf4 Bd8 33. Bxc7 Bxc7 34. cxd5+ Kb6 35. Ra3 Rb4 36. f6 gxf6 37. gxf6 Rd4 38. f7 Bd6 39. Ra8 Rxd5 40. f8=Q Bxf8 41. Rxf8 Rd2 42. Re8 Re2 43. Kf1 Rc2 44. Rxe4 Kc6 45. b4 1-0


[Site "https://www.chess.com"]

[Event "Titled Tuesday Blitz August 22 Late 2023"]
[White "Osmonbekov, Talaibek"]
[Black "Haszon, David"]
[WhiteFideId "2017253"]
[BlackFideId "733610"]
[WhiteElo "2179"]
[BlackElo "2447"]
[Result "1-0"]
[Round "2"]
[TimeControl "180+1"]
[Date "2023.08.22"]
[WhiteClock "0:00:57"]
[BlackClock "0:00:00"]
[Board "204"]

1. d4 c5 2. d5 b5 3. e4 a6 4. a4 b4 5. Nd2 d6 6. Nc4 g6 7. b3 Bg7 8. Bb2 Nf6 9. f4 O-O 10. Bd3 Nbd7 11. Nf3 Nb6 12. Qe2 Nxc4 13. Bxc4 a5 14. O-O Bb7 15. Rad1 Qc8 16. e5 Nh5 17. Ng5 h6 18. Ne4 dxe5 19. fxe5 f5 20. exf6 exf6 21. d6+ Kh7 22. d7 Qc7 23. g4 Bxe4 24. gxh5 Bf5 25. Rxf5 gxf5 26. Qg2 Rad8 27. Qg6+ Kh8 28. Qxf5 Qc6 29. Bd3 Kg8 30. Qh7+ Kf7 31. Bg6+ Ke6 32. Qxg7 Qf3 33. Re1+ Kd6 34. Qe7+ Kc6 35. Be4+ 1-0


[Site "https://www.chess.com"]

[Event "Titled Tuesday Blitz August 22 Late 2023"]
[White "Ljukin, Sergei"]
[Black "Capp, Stephen"]
[WhiteFideId "14102200"]
[BlackFideId "2027089"]
[WhiteElo "2447"]
[BlackElo "2177"]
[Result "0-1"]
[Round "2"]
[TimeControl "180+1"]
[Date "2023.08.22"]
[WhiteClock "0:00:00"]
[BlackClock "0:00:04"]
[Board "205"]

1. e4 e5 2. Nf3 d5 3. exd5 Bd6 4. Nc3 Nf6 5. Bc4 O-O 6. d3 h6 7. h3 Bf5 8. Be3 Nbd7 9. Qd2 Bg6 10. O-O-O Kh7 11. g4 Nb6 12. Bb3 Bb4 13. Bxb6 axb6 14. Nxe5 Nxd5 15. Bxd5 Bxc3 16. Qxc3 Qxd5 17. a3 c5 18. f4 f6 19. Nxg6 Kxg6 20. Rhe1 b5 21. f5+ Kh7 22. Qb3 Qxb3 23. cxb3 Rfe8 24. Kd2 Rad8 25. Rxe8 Rxe8 26. Re1 Rd8 27. Kc2 Rd4 28. Re4 Rd7 29. b4 b6 30. Kc3 h5 31. Re6 hxg4 32. Rxb6 gxh3 33. Re6 cxb4+ 34. Kxb4 Rd4+ 35. Kxb5 Rxd3 36. Re2 Kh6 37. a4 Kg5 38. a5 Kg4 39. a6 Rg3 40. a7 Rg2 41. a8=Q Rxe2 42. b4 h2 43. Qh1 Kg3 44. Kc4 Rg2 45. Qe1+ Rf2 46. b5 Kg2 47. Qe4+ Kg1 48. Qe1+ Kg2 49. Qe4+ Kg1 50. Qg4+ Rg2 51. Qd1+ Kf2 52. Qd2+ Kg3 53. Qe3+ Kh4 54. Qe1+ Kh3 55. Qf1 Kg3 56. Qe1+ Rf2 0-1


[Site "https://www.chess.com"]

[Event "Titled Tuesday Blitz August 22 Late 2023"]
[White "Bazilius, Augustinas"]
[Black "Quirke, Jeffrey"]
[WhiteFideId "12832251"]
[BlackFideId "2013029"]
[WhiteElo "2444"]
[BlackElo "2172"]
[Result "1-0"]
[Round "2"]
[TimeControl "180+1"]
[Date "2023.08.22"]
[WhiteClock "0:00:07"]
[BlackClock "0:00:04"]
[Board "206"]

1. d4 e6 2. c4 Nf6 3. Nf3 b6 4. g3 Bb7 5. Bg2 Be7 6. O-O O-O 7. Nc3 Na6 8. Re1 d5 9. b3 c6 10. Bb2 Rc8 11. e4 dxe4 12. Nxe4 c5 13. Nxf6+ Bxf6 14. Qd2 cxd4 15. Rad1 Qc7 16. Bxd4 Rfd8 17. Qb2 Bxd4 18. Rxd4 Rxd4 19. Qxd4 Rd8 20. Qc3 Qc5 21. Nh4 Bxg2 22. Nxg2 Qa3 23. Nf4 g6 24. Qa1 Nb4 25. Rd1 Rxd1+ 26. Qxd1 Nxa2 27. Qd8+ Qf8 28. Qd2 Nb4 29. Qd7 a5 30. h4 h5 31. Nd3 Nxd3 32. Qxd3 Qc5 33. Qd8+ Kg7 34. Qd3 e5 35. Kg2 Kf6 36. Kf3 Ke6 37. Ke2 Qd6 38. Qc2 f5 39. Qc3 Qc5 40. Qc1 Qd4 41. Qg5 Qe4+ 42. Kf1 Qb1+ 43. Kg2 Qxb3 44. Qxg6+ Ke7 45. Qg7+ Kd6 46. Qf6+ Kc5 47. Qxe5+ Kb4 48. Qd6+ Kc3 49. Qe5+ Kc2 50. Qxf5+ Kb2 51. Qe5+ Ka2 52. Qxh5 a4 53. Qe2+ Qb2 54. Qe4 a3 55. h5 Ka1 56. Qe1+ Qb1 57. Qc3+ Qb2 58. Qe1+ Ka2 59. h6 Kb3 60. h7 a2 61. Qe3+ Kb4 62. Qxb6+ Ka3 63. Qxb2+ Kxb2 64. h8=Q+ Kb1 65. c5 a1=Q 66. Qxa1+ 1-0


[Site "https://www.chess.com"]

[Event "Titled Tuesday Blitz August 22 Late 2023"]
[White "Petersson, Kjell"]
[Black "Rangel, Daniel"]
[WhiteFideId "1705148"]
[BlackFideId "2124475"]
[WhiteElo "2162"]
[BlackElo "2444"]
[Result "0-1"]
[Round "2"]
[TimeControl "180+1"]
[Date "2023.08.22"]
[WhiteClock "0:01:01"]
[BlackClock "0:01:35"]
[Board "207"]

1. d4 Nf6 2. Bf4 e6 3. e3 c5 4. c3 b6 5. Nd2 Bb7 6. Ngf3 Be7 7. Bd3 O-O 8. Nc4 b5 9. Ncd2 c4 10. Bc2 d6 11. b3 cxb3 12. axb3 d5 13. O-O a5 14. Qe2 b4 15. c4 dxc4 16. Nxc4 Nd5 17. Qd3 g6 18. Bh6 Re8 19. Nfe5 Nc3 20. f3 Nc6 21. Ng4 Bg5 22. Bxg5 Qxg5 23. Nd6 Ba6 24. Nc4 Rad8 25. Qe4 Nxe4 26. Bxe4 Bb5 0-1


[Site "https://www.chess.com"]

[Event "Titled Tuesday Blitz August 22 Late 2023"]
[White "Feliz Dotel, Dewar Bienvenido"]
[Black "Semenenko, Dmytry"]
[WhiteFideId "6402801"]
[BlackFideId "14118645"]
[WhiteElo "2156"]
[BlackElo "2443"]
[Result "1-0"]
[Round "2"]
[TimeControl "180+1"]
[Date "2023.08.22"]
[WhiteClock "0:00:19"]
[BlackClock "0:00:22"]
[Board "208"]

1. d4 d5 2. e3 Nf6 3. Nf3 c5 4. dxc5 e6 5. a3 Bxc5 6. b4 Be7 7. Bb2 O-O 8. Nbd2 a5 9. b5 Nbd7 10. c4 Nc5 11. cxd5 Nxd5 12. Be2 Bf6 13. Bxf6 Qxf6 14. O-O Nc3 15. Qe1 Nxe2+ 16. Qxe2 b6 17. Nd4 e5 18. Nc6 Bf5 19. e4 Bd7 20. Nc4 Bxc6 21. bxc6 Qxc6 22. Nxe5 Qxe4 23. Qxe4 Nxe4 24. Nd7 Rfd8 25. Nxb6 Rab8 26. Nc4 a4 27. Rfe1 Rd4 28. Ne5 Rb2 29. Nc6 Rc4 30. Ne5 Rd4 31. Rac1 h6 32. Nf3 Nxf2 33. Nxd4 Nd3 34. Rb1 Ra2 35. Ra1 Rb2 36. Red1 Nc5 37. Rac1 Ne4 38. Nf5 Kh7 39. Re1 Nf2 40. Rc4 Nd3 41. Rf1 g5 42. g3 Ne5 43. Rxa4 g4 44. Nh4 Kg7 45. Re4 f6 46. Nf5+ Kg6 47. Nh4+ Kg7 48. Rxe5 fxe5 49. Re1 Kf6 50. Re3 Ra2 51. Ng2 Ra1+ 52. Kf2 Ra2+ 53. Kf1 Ra1+ 54. Ne1 Ra2 55. Kg1 Ra1 56. Kf2 Ra2+ 57. Re2 Rxa3 58. Nc2 Rf3+ 59. Kg2 Rc3 60. Ne3 Kg5 61. Nd5 Rd3 62. Ne7 Kf6 63. Nc6 Rd5 64. h3 h5 65. hxg4 hxg4 66. Nb4 Rb5 67. Nc6 Rc5 68. Nb4 Rb5 69. Nd3 Kf5 70. Rf2+ Ke4 71. Nc1 Rb1 72. Ne2 Ke3 73. Nc3 Rb3 74. Nd5+ Kd4 75. Nf6 e4 76. Nxg4 Rb8 77. Re2 Kd3 78. Re3+ Kd4 79. Re1 Rg8 80. Rxe4+ Kc5 81. Rf4 Rg5 82. Ne3 Kd6 83. Kf3 Ke6 84. g4 Re5 85. Re4 Rxe4 86. Kxe4 Kf6 87. Kf4 Kg6 88. g5 Kg7 89. Kf5 Kf7 90. g6+ Kg7 91. Kg5 Kg8 92. Kf6 Kh8 93. g7+ Kg8 94. Nd5 Kh7 95. Kf7 Kh6 96. g8=Q Kh5 97. Kf6 Kh4 98. Qg2 Kh5 99. Qg5# 1-0


[Site "https://www.chess.com"]